 Dungeon Crawl Stone Soup version 0.31-a0-620-gd1cbd99268 (webtiles) character file.

Game seed: 17562037694750371654

6492 Descartes the Grappler (level 10, -3/104 HPs)
             Began as a Troll Shapeshifter on Aug 23, 2023.
             Slain by a komodo dragon (10 damage)
             ... on level 9 of the Dungeon.
             The game lasted 00:12:01 (7215 turns).

Descartes the Grappler (Troll Shapeshifter)         Turns: 7215, Time: 00:12:02

Health: -3/104     AC: 11    Str: 29    XL:     10   Next: 68%
Magic:  0/9        EV:  9    Int:  4    God:
Gold:   751        SH:  0    Dex: 10    Spells: 9/9 levels left

rFire   + .          .
                       - Unarmed
rCold   . . .        (no shield)
rNeg    . . .        f - +0 steam dragon scales
rPois   .            (helmet currently unavailable)
rElec   .            (cloak currently unavailable)
rCorr   .            (gloves unavailable)
SInv    .            (boots unavailable)
Will    .....        p - amulet of guardian spirit
Stlth   +            e - ring of protection from fire
HPRegen 1.17/turn    J - +4 ring of protection
MPRegen 0.11/turn

%: guardian spirit
@: beast-form
A: beast (slay +4), large, unfitting armour, claws 3, regeneration 1, shaggy fur
1, tough skin 1
a: Begin Untransformation


You were on level 9 of the Dungeon.
You were a hulking beast.
You visited 2 branches of the dungeon, and saw 10 of its levels.
You also visited: Ossuary.

You collected 751 gold pieces.

Inventory:

Hand Weapons
 E - the +9 dagger "Nuogup" {flame, rElec Will+ Str+3}
   (You found it on level 7 of the Dungeon)

   Str+3:     It affects your strength (+3).
   rElec:     It insulates you from electricity.
   Will+:     It increases your willpower.
Missiles
 k - 5 curare-tipped darts
 l - 108 stones
 m - 37 poisoned darts
 n - 5 large rocks
 O - 3 boomerangs
Armour
 a - a +0 animal skin
 f - +0 steam dragon scales (worn)
Jewellery
 e - a ring of protection from fire (left claw)
 i - a ring of wizardry
 p - an amulet of guardian spirit (around neck)
 B - a ring of resist corrosion
 I - a ring of wizardry
 J - a +4 ring of protection (right claw)
Talismans
 d - a flux talisman
 h - a dragon-blood talisman
 N - a beast talisman (active)
Wands
 c - a wand of light (11)
 r - a wand of polymorph (25)
 A - a wand of roots (7)
 C - a wand of mindburst (3)
 F - a wand of flame (20)
 G - a wand of paralysis (7)
 K - a wand of digging (4)
Scrolls
 j - 2 scrolls of fear
 q - 2 scrolls of vulnerability
 s - 2 scrolls of teleportation
 x - 2 scrolls of enchant weapon {unknown}
 y - 2 scrolls of identify
 z - a scroll of noise {unknown}
 D - a scroll of amnesia {unknown}
 H - a scroll of fog {unknown}
Potions
 b - 3 potions of lignification
 g - a potion of resistance
 o - 10 potions of curing
 w - 2 potions of invisibility
 L - 2 potions of mutation {unknown}
 M - a potion of brilliance {unknown}


   Skills:
 + Level 8.0 Fighting
 - Level 1.5 Dodging
 + Level 9.9 Unarmed Combat
 + Level 9.2 Shapeshifting


You had 9 spell levels left.
You didn't know any spells.
Your spell library contained the following spells:

 Spells                   Type           Power      Damage    Failure   Level
 Necrotise                Necr           0%         1d4       50%         1
 Shock                    Conj/Air       0%         1d3       50%         1
 Sting                    Tmut/Pois      0%         1d3       50%         1
 Poisonous Vapours        Pois/Air       0%         N/A       65%         2
 Swiftness                Air            0%         N/A       86%         3
 Vampiric Draining        Necr           0%         2d6       86%         3
 Airstrike                Air            0%         2d(0-16)  99%         4
 Olgreb's Toxic Radiance  Pois           0%         N/A       99%         4
 Agony                    Necr           0%         N/A       100%        5


Dungeon Overview and Level Annotations

Branches:
Dungeon (9/15)             Temple (1/1) D:5         Ossuary (visited)
   Lair: D:8-11         Orc: D:9-12

Altars:
Ashenzari
Cheibriados
Dithmenos
Elyvilon
Fedhas
Gozag
Hepliaklqana
Kikubaaqudgha
Makhleb
Nemelex Xobeh
Okawaru
Qazlal
Ru
Sif Muna
Trog
Uskayaw
Vehumet
Wu Jian
Xom
Yredelemnul
Zin
The Shining One

Shops:
D:2 [*[   D:6 [   D:8 *

Annotations:
D:8 2 transporters, Seven7's ghost, novice MiFi


Innate Abilities, Weirdness & Mutations

You are a hulking beast.
Your limbs bulge with bestial killing power. (Slay +4)
You are too large for most types of armour.
You have claws for hands.
Your natural rate of healing is unusually fast.
You are covered in fur. (AC +1)
You have tough skin. (AC +1)


Message History

The komodo dragon is severely wounded.
The komodo dragon bites you but does no damage.
You barely miss the komodo dragon.
The komodo dragon is severely wounded.
The basilisk gazes at you.
You are slowing down.
The komodo dragon bites you!!
* * * LOW HITPOINT WARNING * * *
You feel much better. The komodo dragon barely misses you.
Your limbs are stiffening.
You scratch the basilisk. You claw the basilisk!
The basilisk is severely wounded.
You are no longer corroded.
The basilisk bites you but does no damage.
The komodo dragon bites you!
You have turned to stone.
The basilisk bites you! The komodo dragon bites you!
The basilisk bites you but does no damage.
The komodo dragon bites you! The basilisk bites you.
The komodo dragon bites you! The basilisk bites you.
* * * LOW HITPOINT WARNING * * *
The komodo dragon bites you but does no damage.
The basilisk bites you!
* * * LOW HITPOINT WARNING * * *
The komodo dragon bites you but does no damage.
The basilisk bites you.
* * * LOW HITPOINT WARNING * * *
The komodo dragon bites you!
* * * LOW HITPOINT WARNING * * *
The basilisk bites you!
* * * LOW HITPOINT WARNING * * *
The komodo dragon bites you. The basilisk gazes at you.
The komodo dragon bites you!!
* * * LOW HITPOINT WARNING * * *
You turn to flesh and can move again.
You claw the komodo dragon!
The komodo dragon is almost dead.
The basilisk barely misses you. The komodo dragon bites you!
You die...

# ####.## ### #..#..## ..#
##./.#.... ##### ###
#l##.....#... .##.###
##.#####hl......... #..##.#
#.#.........[.....#
##....###........###.#....#
##.....†...###.#.# ## ###
############..###
#######################
.#.....'.....# #....#
.#######.....# #....#
.............#####....#


You could see a komodo dragon and a basilisk.

Vanquished Creatures
  Erica (D:8)
  A two-headed ogre (D:9)
  A cyclops (D:9)
  Maurice (D:8)
  Jeremiah (D:7)
  A kobold demonologist (D:6)
  Maggie (D:8)
  Sigmund (D:6)
  Eustachio (D:6)
  2 wyverns (D:9)
  A steam dragon (D:9)
  Duvessa (D:6)
  A water moccasin (D:7)
  An acid dragon (D:9)
  An orc warrior (D:8)
  2 black bears
  2 ice beasts
  2 centaurs (D:7)
  A phantom (D:7)
  2 kobold brigands
  Blork the orc (D:6)
  2 bullfrogs (D:8)
  A gnoll sergeant (D:5)
  2 scorpions
  6 wights
  Dowan (D:6)
  6 howler monkeys
  2 jellies
  5 hounds
  6 orc priests
  A gnoll bouda (D:7)
  A sleepcap (D:5)
  5 iguanas
  7 orc wizards
  8 mummies (Ossuary)
  3 adders
  9 gnolls
  A white imp (D:6)
  3 worms
  A dart slug (D:1)
  13 orcs
  8 endoplasms
  3 giant cockroaches
  A gnoll zombie (Ossuary)
  5 goblins
  7 hobgoblins
  2 jackals (D:3)
  4 quokkas
  5 ball pythons
  5 bats
  4 frilled lizards
  3 hobgoblin zombies (Ossuary)
  25 kobolds
  4 orc zombies (Ossuary)
  3 rats
188 creatures vanquished.

Vanquished Creatures (others)
  4 kobolds (D:9)
4 creatures vanquished.

Grand Total: 192 creatures vanquished

Notes
Turn   | Place    | Note
-------+----------+-------------------------------------------
     0 | D:1      | Descartes the Troll Shapeshifter began the quest for the
                  | Orb.
     0 | D:1      | Reached XP level 1. HP: 18/18 MP: 0/0
    29 | D:1      | Reached skill level 1 in Fighting
   167 | D:1      | Reached XP level 2. HP: 27/27 MP: 1/1
   612 | D:2      | Found Wieskius's Antique Armour Boutique.
   629 | D:2      | Identified the +7 sling "Aheacuf" {drain, Dex+3}
   674 | D:2      | Reached XP level 3. HP: 33/33 MP: 2/2
   851 | D:2      | Found Xobluz's General Store.
  1226 | D:2      | Found Ycangeh's Armour Shop.
  1595 | D:3      | Reached XP level 4. HP: 15/42 MP: 3/3
  1935 | D:4      | Reached XP level 5. HP: 43/50 MP: 4/4
  1968 | D:4      | Found a radiant altar of Vehumet.
  2323 | D:4      | Noticed a black bear
  2331 | D:4      | Killed a black bear
  2332 | D:4      | Reached XP level 6. HP: 5/61 MP: 5/5
  2761 | D:5      | Entered Level 5 of the Dungeon
  2788 | D:5      | Reached skill level 5 in Unarmed Combat
  2832 | D:5      | Found a staircase to the Ecumenical Temple.
  2864 | D:5      | Found a glowing golden altar of the Shining One.
  2870 | D:5      | Noticed an ice beast
  2874 | D:5      | Killed an ice beast
  2875 | D:5      | Reached skill level 5 in Shapeshifting
  2875 | D:5      | Reached XP level 7. HP: 30/68 MP: 6/6
  3235 | Temple   | Entered the Ecumenical Temple
  3330 | D:6      | Noticed Blork the orc
  3335 | D:6      | Killed Blork the orc
  3340 | D:6      | Noticed Sigmund
  3360 | D:6      | Killed Sigmund
  3361 | D:6      | Reached XP level 8. HP: 28/79 MP: 4/7
  3404 | D:6      | Noticed Eustachio
  3415 | D:6      | Killed Eustachio
  3465 | D:6      | Noticed a kobold demonologist
  3471 | D:6      | Killed a kobold demonologist
  3472 | D:6      | Reached skill level 5 in Fighting
  3474 | D:6      | Found a sand-covered staircase.
  3480 | Ossuary  | Entered an ossuary
  3749 | D:6      | Found Acee's Antique Armour Emporium.
  3946 | D:6      | Noticed Duvessa
  3946 | D:6      | Noticed Dowan
  3949 | D:6      | Killed Dowan
  3958 | D:6      | HP: 4/81 [Duvessa/+0 rapier (4)]
  3961 | D:6      | Killed Duvessa
  4351 | D:7      | Reached XP level 9. HP: 89/89 MP: 8/8
  4476 | D:7      | Identified the +9 dagger "Nuogup" {flame, rElec Will+
                  | Str+3}
  5105 | D:7      | Noticed Jeremiah
  5182 | D:7      | Paralysed by Jeremiah for 5 turns
  5189 | D:7      | Killed Jeremiah
  5926 | D:8      | Found a transporter.
  5926 | D:8      | Noticed Seven7's ghost (novice MiFi)
  5931 | D:8      | Found a transporter.
  5935 | D:8      | Found a bloodstained altar of Trog.
  5935 | D:8      | Noticed a moth of wrath
  6078 | D:8      | Found Ziot's Assorted Antiques.
  6088 | D:8      | Noticed Erica
  6108 | D:8      | Killed Erica
  6109 | D:8      | Reached XP level 10. HP: 29/102 MP: 1/9
  6235 | D:8      | Noticed Maurice
  6266 | D:8      | Killed Maurice
  6407 | D:8      | Noticed Maggie
  6480 | D:8      | Killed Maggie
  6611 | D:9      | Noticed a two-headed ogre
  6619 | D:9      | Killed a two-headed ogre
  7081 | D:9      | Noticed a cyclops
  7091 | D:9      | Killed a cyclops
  7215 | D:9      | Slain by a komodo dragon

Illustrated notes

Levels and vault maps discovered:
D:1:      minmay_arrival_arboretum_large, layout_loops_ring
D:2:      layout_loops_cross, serial_shops, shop, nicolae_shop_tiny_waterfront,
          shop
D:3:      layout_rooms
D:4:      black_bear_nest_2, layout_basic, kennysheep_little_box,
          minmay_misc_feat_room
D:5:      layout_rooms, tso_metal_star, temple_doors_e
D:6:      dreamdust_elfheim, layout_loops_ring, nicolae_ossuary_entry_monument,
          serial_shops, shop, hangedman_abyss_or_decor_jellyfish_corner,
          nrook_mini_backslash, serial_bayou_pond_e, uniq_blork_the_orc,
          uniq_eustachio, uniq_sigmund
D:7:      layout_layer_cave, uniq_jeremiah
D:8:      layout_rooms, gammafunk_ghost_wrathful_warriors, serial_shops,
          nicolae_shop_just_a_little_nook, grunt_ministairs_9, uniq_maurice,
          uniq_maggie, uniq_erica
D:9:      layout_irregular_city, erik_lair_dragon, serial_shops,
          nicolae_lakefront_shop
Temple:   mainiacjoe_temple_big_plus

Skill      XL: |  1  2  3  4  5  6  7  8  9 10 |
---------------+-------------------------------+-----
Fighting       | 1 2 3 4 5 7 8 |  8.0
Unarmed Combat | 4 5 6 7 8 9 |  9.9
Shapeshifting  | 4 5 6 8 9 |  9.2
Dodging        | |  1.5

Action                     |  1- 3 |  4- 6 |  7- 9 | 10-12 || total
---------------------------+-------+-------+-------+-------++-------
  Melee: Unarmed           |   121 |    80 |   221 |   128 ||   550
         Punch             |     4 |     8 |     9 |     7 ||    28
  Throw: Dart              |       |       |     1 |       ||     1
    Use: Scroll            |       |       |     5 |     1 ||     6
         Potion            |       |       |     2 |     9 ||    11
   Stab: Sleeping          |       |       |     1 |       ||     1
         Invisible         |       |       |       |     1 ||     1
 Armour: Animal skin       |    45 |    19 |    48 |     3 ||   115
         Steam dragon scal |       |       |       |    63 ||    63
  Dodge: Dodged            |    56 |    29 |    93 |    60 ||   238

Table legend: (Time is in decaauts)
 A = Elapsed time spent in this place.
 B = Non-inter-level travel time spent in this place.
 C = Inter-level travel time spent in this place.
 D = Time resting spent in this place.
 E = Time spent auto-exploring this place.
 F = Levels seen in this place.
 G = Mean time per level.
                   A        B        C        D        E       F      G
               +--------+--------+--------+--------+--------+-----+--------+
         Total |   7137 |   6827 |    310 |     61 |   5419 |  11 |  648.8 |
       Dungeon |   6933 |   6623 |    310 |     61 |   5283 |   9 |  770.3 |
        Temple |      1 |      1 |      0 |      0 |      0 |   1 |    1.0 |
       Ossuary |    202 |    202 |      0 |      0 |    136 |   1 |  202.0 |
               +--------+--------+--------+--------+--------+-----+--------+

Top non-repeatable levels by time:
     D:7: 1483 daAuts
     D:4: 980 daAuts
     D:6: 886 daAuts
     D:8: 784 daAuts
     D:1: 724 daAuts
     D:2: 642 daAuts
     D:9: 525 daAuts
     D:5: 505 daAuts
     D:3: 401 daAuts
 Ossuary: 202 daAuts
  Temple: 1 daAuts
